Map: Cyber Forest LE

Players

Woah - Winner!

  • Race: Terran Terran
  • Spawn Location: 11:00

Marcel

  • Race: Protoss Protoss
  • League: Platinum
  • Spawn Location: 5:00

VOD

Have the link to the VOD?

Description

Time

  • Played on: June 12, 2019, 3:26 a.m.
  • Length: 9:56
Show
View Real Time Build Order
Export as new Build Order

Woah Terran - Winner!

Build Orders: Reaper Expand 

Get SALT Encoding   

  12  0:01  SCV  
  13  0:15  Supply Depot  
  13  0:16  SCV  
  14  0:29  SCV  
  15  0:38  Barracks  
  15  0:42  Refinery  
  15  0:44  SCV  
  16  0:56  SCV  
  17  1:08  SCV  
  18  1:20  SCV  
  19  1:31  Reaper  
  20  1:32  Orbital Command  
  20  1:45  Command Center  
  20  1:50  Refinery  
  20  2:02  Barracks  
  20  2:06  SCV  
  21  2:09  Supply Depot  
  21  2:18  Barracks Reactor  
  21  2:19  SCV  
  22  2:31  SCV  
  23  2:48  Factory  
  23  2:52  Barracks Tech Lab  
  23  2:54  Marine, Bunker, Barracks  
  23  2:55  Marine  
  23  2:56  SCV  
  26  3:05  Engineering Bay  
  26  3:11  SCV  
  27  3:15  Marine x2  
  29  3:20  Stimpack  
  29  3:25  SCV  
  30  3:32  Orbital Command  
  30  3:34  Marine  
  31  3:42  Starport  
  31  3:47  Factory Tech Lab  
  31  3:48  Barracks Tech Lab  
  31  3:51  Marine x2  
  31  3:53  SCV  
  34  4:04  SCV  
  34  4:08  Marauder  
  34  4:09  Marauder, SCV  
  40  4:15  Supply Depot  
  40  4:17  SCV  
  41  4:27  SCV  
  42  4:33  Raven  
  42  4:34  Marine x2  
  42  4:36  Marine  
  49  4:38  Marauder  
  49  4:39  SCV  
  49  4:41  SCV, Refinery  
  49  4:45  Supply Depot  
  51  4:49  Supply Depot  
  51  4:51  SCV  
  52  5:00  SCV  
  52  5:01  Combat Shield  
  52  5:03  SCV  
  56  5:07  Widow Mine  
  56  5:12  SCV, Supply Depot  
  57  5:18  SCV  
  58  5:22  Terran Infantry Weapons Level 1  
  58  5:25  Command Center  
  58  5:28  SCV  
  58  5:31  SCV  
  58  5:33  Marine x2  
  58  5:35  Marauder  
  64  5:38  Marauder  
  64  5:40  SCV  
  64  5:42  Widow Mine  
  69  5:44  SCV  
  69  5:46  Supply Depot  
  70  5:51  Marine  
  71  5:59  Barracks  
  71  6:01  Barracks  
  71  6:02  Barracks  
  71  6:03  Widow Mine  
  73  6:09  Marauder x2, Marine  
  73  6:10  Marine  
  79  6:11  SCV  
  79  6:13  SCV  
  81  6:19  Refinery  
  81  6:24  Supply Depot  
  81  6:25  SCV  
  82  6:42  Marauder x2  
  86  6:50  Barracks Reactor x3  
  86  6:55  SCV  
  86  7:03  Marauder x2  
  86  7:06  Concussive Shells  
  90  7:08  Medivac x2  
  67  7:23  Marine  
  67  7:24  Marine x2  
  67  7:28  Marine x6  
  74  7:36  Widow Mine  
  74  7:41  Marine  
  74  7:42  Marine x2  
  77  7:45  Marine  
  77  7:46  Marine x5  
  81  7:59  Marine  
  74  8:08  Marauder x2, Marine x6  
  74  8:12  Medivac x2  
  84  8:17  SCV, Marauder  
  84  8:18  SCV x2  
  87  8:25  Marine  
  88  8:29  SCV, Marauder  
  88  8:30  Marauder  
  93  8:38  Marine x3  
  93  8:39  Marauder  
  98  8:48  Orbital Command  
  98  8:51  Marauder x2  
  98  8:53  Viking  
  93  9:16  Marauder, Marine x2  
  93  9:17  Marauder x2, Marine x4  
  101  9:26  SCV  
  101  9:30  SCV x2  
  104  9:34  Marine x2  
Show
View Real Time Build Order
Export as new Build Order

Marcel Protoss 

Build Orders:  

Get SALT Encoding   

  12  0:01  Probe  
  13  0:13  Probe  
  14  0:21  Pylon  
  14  0:26  Probe  
  15  0:36  Probe  
  15  0:39  Gateway  
  16  0:44  Probe  
  16  0:49  Assimilator  
  17  0:53  Probe  
  18  1:04  Pylon  
  18  1:05  Probe  
  19  1:20  Probe  
  19  1:24  Assimilator  
  20  1:28  Cybernetics Core  
  20  1:32  Probe  
  21  1:44  Probe  
  22  1:51  Warp Gate  
  22  1:54  Stalker  
  22  1:56  Probe  
  22  1:58  Pylon  
  25  2:16  Robotics Facility  
  25  2:21  Gateway  
  25  2:26  Gateway  
  25  2:47  Stalker  
  27  3:04  Observer  
  28  3:10  Gateway  
  28  3:12  Pylon  
  28  3:25  Nexus  
  28  3:28  Pylon  
  28  3:39  Immortal  
  32  3:43  Sentry  
  34  3:54  Forge  
  34  3:59  Pylon  
  34  4:16  Probe  
  35  4:20  Stalker  
  35  4:21  Stalker, Sentry  
  41  4:33  Photon Cannon  
  41  4:44  Photon Cannon  
  41  5:02  Shield Battery  
  41  5:06  Stalker x2  
  45  5:08  Probe  
  45  5:10  Probe  
  47  5:21  Robotics Bay  
  47  5:26  Observer  
  48  5:30  Sentry x2  
  48  5:32  Probe  
  48  5:33  Probe  
  54  5:44  Probe  
  54  5:45  Probe  
  56  5:50  Assimilator  
  56  5:52  Assimilator  
  56  5:56  Probe, Pylon  
  57  5:57  Probe  
  57  6:02  Colossus  
  58  6:09  Probe  
  58  6:10  Probe  
  66  6:24  Stalker  
  68  6:27  Stalker  
  70  6:33  Extended Thermal Lance  
  70  6:49  Stalker  
  70  6:50  Stalker  
  70  6:53  Adept  
  76  7:05  Photon Cannon  
  76  7:07  Photon Cannon  
  74  7:21  Stalker x2  
  74  7:22  Stalker  
  66  7:30  Probe  
  67  7:38  Probe  
  68  7:47  Probe  
  69  7:59  Probe  
  58  8:07  Colossus  
  50  8:15  Probe  
  47  8:20  Stalker x2  
  47  8:21  Stalker  
  47  8:22  Sentry  
  55  8:27  Probe  
  56  8:39  Probe  
  56  8:41  Shield Battery  
  57  8:43  Zealot  
  57  8:44  Zealot x2  
  57  8:46  Zealot  
  65  8:51  Probe  
  60  9:03  Probe  
  60  9:04  Stalker  
  60  9:05  Stalker  
  60  9:06  Zealot  
  59  9:16  Stalker  
  45  9:28  Stalker x2  
  45  9:29  Stalker  
  42  9:41  Stalker  
Tags
 
League
Platinum
Matchup
PvT
Replay Pack
r1
Spawn Locations
Cross Positions
Add a new tag
Caveats
  • Supply blocks, unpowered buildings, or Contaminate may cause inaccurate times.
  • Supply counts are checked every 10 seconds.